[ AOE2 MATCH · #505684371 ]
UnrankedSlavs vs Huns
Player's team · LOSS
Rival team · WIN
[ REPLAY ANALYSIS · EXTRACTED FROM THE RECORDED GAME ]
Feudal
9:27
Castle
24:11
Imperial
—
| APM avg | 54.0 |
| APM peak | 80 |
| eAPM avg | 20.9 |
| Villagers / military | 47 / 21 |
Focus
⚔️ 16.8% · 🌾 83.2%
Skirmisher ×11 · Scout Cavalry ×5 · Knight ×3 · Spearman ×2
Feudal
9:53
Castle
23:08
Imperial
—
| APM avg | 61.5 |
| APM peak | 138 |
| eAPM avg | 24.9 |
| Villagers / military | 50 / 45 |
Focus
⚔️ 35.6% · 🌾 64.4%
Archer ×24 · Knight ×14 · Militia ×3 · Spearman ×3 · Mangonel ×1
Match map
Initial resources + every placement click. Lines = walls · curves = elevation contours. ◆ gold · ⬟ stone · ● berries · ✦ relic · ◌ wall gap
Your base· Open — 4t gap
Pedro's base· Open — unwalled flank
Smoothed initial terrain · ◌ = detected wall gap · hover for details
Inputs per minute
— alonso - - Pedro
Build order — alonso
137 actions detected in the replay
| 0:00 | Queue | Villager (Male) |
| 0:01 | Queue | Villager (Male) |
| 0:04 | Build | House |
| 0:05 | Build | House |
| 0:10 | Queue | Villager (Male) |
| 0:10 | Queue | Villager (Male) |
| 0:10 | Queue | Villager (Male) |
| 1:26 | Queue | Villager (Male) |
| 1:26 | Queue | Villager (Male) |
| 1:59 | Queue | Villager (Male) |
| 1:59 | Queue | Villager (Male) |
| 2:11 | Queue | Villager (Male) |
| 2:11 | Queue | Villager (Male) |
| 2:43 | Queue | Villager (Male) |
| 2:49 | Build | Lumber Camp |
| 3:02 | Queue | Villager (Male) |
| 3:24 | Build | House |
| 3:43 | Queue | Villager (Male) |
| 3:43 | Queue | Villager (Male) |
| 4:27 | Queue | Villager (Male) |
| 4:30 | Queue | Villager (Male) |
| 4:30 | Queue | Villager (Male) |
| 4:49 | Queue | Villager (Male) |
| 4:49 | Queue | Villager (Male) |
| 4:49 | Queue | Villager (Male) |
| 5:30 | Build | Mill |
| 5:45 | Queue | Villager (Male) |
| 6:02 | Research | Loom |
| 7:17 | Research | Feudal Age |
| 7:17 | Research | Feudal Age |
| 7:46 | Build | House |
| 8:08 | Build | Barracks |
| 9:10 | Build | House |
| 9:27 | Age | Feudal Age |
| 9:40 | Queue | Villager (Male) |
| 9:40 | Queue | Villager (Male) |
| 9:48 | Queue | Villager (Male) |
| 9:53 | Build | Stable |
| 9:54 | Research | Double-Bit Axe |
| 10:06 | Build | Palisade Wall |
| 10:10 | Build | House |
| 10:21 | Queue | Spearman |
| 10:24 | Queue | Villager (Male) |
| 10:38 | Build | Farm |
| 10:42 | Build | Palisade Wall |
| 10:43 | Build | Palisade Wall |
| 10:58 | Queue | Villager (Male) |
| 11:02 | Queue | Villager (Male) |
| 11:08 | Queue | Scout Cavalry |
| 11:08 | Queue | Scout Cavalry |
| 11:10 | Queue | Villager (Male) |
| 11:36 | Queue | Villager (Male) |
| 11:39 | Build | Farm |
| 11:40 | Build | Farm |
| 11:46 | Queue | Scout Cavalry |
| 11:47 | Build | Farm |
| 11:57 | Queue | Villager (Male) |
| 12:31 | Build | Lumber Camp |
| 12:35 | Queue | Villager (Male) |
| 12:43 | Build | Mining Camp |
| 12:46 | Build | Farm |
| 12:52 | Queue | Villager (Male) |
| 13:17 | Queue | Villager (Male) |
| 13:28 | Build | Mining Camp |
| 13:53 | Queue | Villager (Male) |
| 14:09 | Build | Archery Range |
| 14:20 | Queue | Villager (Male) |
| 14:22 | Build | House |
| 14:43 | Queue | Villager (Male) |
| 15:08 | Build | Palisade Wall |
| 15:15 | Build | Blacksmith |
| 15:32 | Queue | Villager (Male) |
| 15:34 | Build | Farm |
| 16:01 | Queue | Skirmisher |
| 16:09 | Queue | Skirmisher |
| 16:18 | Build | Watch Tower |
| 16:21 | Build | House |
| 16:25 | Build | Palisade Wall |
| 16:40 | Queue | Skirmisher |
| 16:40 | Queue | Skirmisher |
| 16:41 | Research | Fletching |
| 16:45 | Build | Farm |
| 17:09 | Build | Watch Tower |
| 17:13 | Queue | Skirmisher |
| 17:23 | Build | House |
| 17:28 | Build | House |
| 17:37 | Queue | Skirmisher |
| 17:38 | Queue | Villager (Male) |
| 17:38 | Queue | Villager (Male) |
| 17:55 | Build | Watch Tower |
| 17:57 | Queue | Skirmisher |
| 18:17 | Build | Watch Tower |
| 18:22 | Build | Palisade Wall |
| 18:33 | Research | Padded Archer Armor |
| 18:33 | Research | Padded Archer Armor |
| 18:55 | Queue | Scout Cavalry |
| 19:09 | Queue | Scout Cavalry |
| 19:18 | Queue | Villager (Male) |
| 19:30 | Queue | Villager (Male) |
| 19:40 | Build | Farm |
| 19:41 | Build | Farm |
| 19:42 | Queue | Villager (Male) |
| 20:03 | Build | Market |
| 20:22 | Queue | Villager (Male) |
| 20:26 | Queue | Spearman |
| 20:54 | Build | Farm |
| 21:05 | Build | Farm |
| 21:06 | Build | Farm |
| 21:10 | Build | Farm |
| 21:10 | Build | Farm |
| 21:31 | Research | Castle Age |
| 21:37 | Queue | Skirmisher |
| 21:37 | Queue | Skirmisher |
| 21:50 | Queue | Skirmisher |
| 21:53 | Build | House |
| 22:11 | Build | House |
| 22:12 | Build | House |
| 22:15 | Build | House |
| 22:16 | Build | Palisade Wall |
| 22:23 | Research | Scale Barding Armor |
| 22:24 | Research | Scale Barding Armor |
| 22:26 | Build | Farm |
| 22:28 | Build | Farm |
| 22:31 | Build | House |
| 22:39 | Queue | Skirmisher |
| 22:52 | Build | Farm |
| 23:05 | Build | Farm |
| 24:11 | Age | Castle Age |
| 24:19 | Queue | Villager (Male) |
| 24:20 | Queue | Knight |
| 24:26 | Queue | Villager (Male) |
| 24:34 | Build | Town Center |
| 24:48 | Queue | Knight |
| 25:03 | Research | Chain Barding Armor |
| 25:04 | Research | Chain Barding Armor |
| 25:05 | Queue | Villager (Male) |
| 25:17 | Queue | Knight |
Build order — Pedro
First 150 of 174 actions detected
| 0:00 | Queue | Villager (Male) |
| 0:01 | Queue | Villager (Male) |
| 0:14 | Queue | Villager (Male) |
| 0:40 | Queue | Villager (Male) |
| 1:17 | Queue | Villager (Male) |
| 1:48 | Queue | Villager (Male) |
| 1:53 | Build | Lumber Camp |
| 2:06 | Queue | Villager (Male) |
| 2:41 | Queue | Villager (Male) |
| 2:58 | Queue | Villager (Male) |
| 3:25 | Queue | Villager (Male) |
| 3:43 | Queue | Villager (Male) |
| 4:19 | Queue | Villager (Male) |
| 4:36 | Queue | Villager (Male) |
| 4:44 | Queue | Villager (Male) |
| 5:03 | Build | Barracks |
| 5:16 | Queue | Villager (Male) |
| 5:37 | Queue | Villager (Male) |
| 5:54 | Queue | Villager (Male) |
| 5:59 | Queue | Militia |
| 6:03 | Queue | Militia |
| 6:06 | Queue | Villager (Male) |
| 6:09 | Build | Mill |
| 6:27 | Queue | Villager (Male) |
| 6:41 | Research | Loom |
| 6:53 | Queue | Villager (Male) |
| 6:58 | Queue | Militia |
| 7:43 | Research | Feudal Age |
| 8:02 | Build | Lumber Camp |
| 8:23 | Build | Mining Camp |
| 8:39 | Queue | Villager (Male) |
| 9:11 | Queue | Villager (Male) |
| 9:53 | Age | Feudal Age |
| 9:57 | Build | Archery Range |
| 10:08 | Research | Double-Bit Axe |
| 10:08 | Research | Double-Bit Axe |
| 10:09 | Queue | Villager (Male) |
| 10:23 | Queue | Villager (Male) |
| 10:41 | Build | Watch Tower |
| 10:46 | Queue | Archer |
| 10:46 | Queue | Archer |
| 11:00 | Queue | Villager (Male) |
| 11:04 | Build | Archery Range |
| 11:07 | Queue | Archer |
| 11:07 | Queue | Archer |
| 11:17 | Queue | Archer |
| 11:26 | Build | Palisade Wall |
| 11:27 | Build | Palisade Wall |
| 11:28 | Build | Palisade Wall |
| 11:29 | Build | Palisade Wall |
| 11:38 | Queue | Villager (Male) |
| 11:40 | Queue | Archer |
| 11:48 | Build | Farm |
| 12:07 | Queue | Archer |
| 12:11 | Build | Farm |
| 12:12 | Queue | Spearman |
| 12:30 | Build | Farm |
| 12:31 | Queue | Archer |
| 12:31 | Queue | Archer |
| 12:47 | Build | Palisade Wall |
| 12:49 | Build | Palisade Wall |
| 12:51 | Queue | Villager (Male) |
| 12:54 | Build | Farm |
| 13:00 | Queue | Archer |
| 13:02 | Queue | Archer |
| 13:09 | Queue | Villager (Male) |
| 13:20 | Build | Blacksmith |
| 13:23 | Build | Palisade Wall |
| 13:24 | Build | Palisade Wall |
| 13:27 | Build | Palisade Wall |
| 13:28 | Build | Palisade Wall |
| 13:37 | Build | Palisade Wall |
| 13:45 | Queue | Archer |
| 13:45 | Queue | Archer |
| 13:46 | Queue | Villager (Male) |
| 13:49 | Queue | Villager (Male) |
| 13:58 | Build | Palisade Wall |
| 14:01 | Build | Palisade Wall |
| 14:09 | Research | Fletching |
| 14:09 | Research | Fletching |
| 14:10 | Queue | Archer |
| 14:10 | Queue | Archer |
| 14:10 | Queue | Archer |
| 14:18 | Queue | Spearman |
| 14:18 | Queue | Spearman |
| 14:27 | Queue | Villager (Male) |
| 14:31 | Build | Farm |
| 14:34 | Queue | Archer |
| 14:35 | Queue | Archer |
| 14:40 | Build | Palisade Wall |
| 14:42 | Build | Palisade Wall |
| 14:44 | Build | Palisade Wall |
| 14:46 | Build | Palisade Wall |
| 14:53 | Build | Farm |
| 14:54 | Queue | Archer |
| 15:07 | Queue | Villager (Male) |
| 15:17 | Queue | Villager (Male) |
| 15:20 | Build | Mining Camp |
| 15:29 | Queue | Archer |
| 15:29 | Queue | Villager (Male) |
| 15:41 | Queue | Archer |
| 15:42 | Queue | Archer |
| 15:47 | Queue | Villager (Male) |
| 15:50 | Build | Farm |
| 16:14 | Queue | Archer |
| 16:14 | Queue | Archer |
| 16:35 | Queue | Villager (Male) |
| 16:36 | Build | Farm |
| 16:38 | Build | Farm |
| 16:38 | Build | Farm |
| 16:38 | Build | Farm |
| 16:39 | Build | Farm |
| 16:39 | Build | Farm |
| 16:39 | Build | Farm |
| 16:40 | Build | Farm |
| 16:51 | Build | Farm |
| 16:58 | Queue | Villager (Male) |
| 17:11 | Build | Farm |
| 17:12 | Queue | Villager (Male) |
| 17:21 | Build | Farm |
| 17:27 | Build | Farm |
| 17:31 | Queue | Villager (Male) |
| 17:42 | Build | Farm |
| 17:55 | Build | Farm |
| 17:57 | Queue | Villager (Male) |
| 18:25 | Build | Farm |
| 18:27 | Build | Farm |
| 18:30 | Build | Farm |
| 18:30 | Queue | Villager (Male) |
| 19:18 | Queue | Villager (Male) |
| 19:20 | Build | Farm |
| 19:37 | Build | Farm |
| 19:44 | Build | Farm |
| 19:57 | Build | Farm |
| 20:00 | Build | Farm |
| 20:28 | Research | Castle Age |
| 20:52 | Build | Stable |
| 20:58 | Research | Scale Barding Armor |
| 21:26 | Build | Stable |
| 21:47 | Queue | Villager (Male) |
| 21:49 | Research | Forging |
| 21:52 | Research | Bloodlines |
| 21:52 | Research | Bloodlines |
| 22:07 | Build | Farm |
| 22:08 | Build | Farm |
| 22:59 | Queue | Villager (Male) |
| 23:08 | Age | Castle Age |
| 23:11 | Build | Siege Workshop |
| 23:14 | Queue | Knight |
| 23:15 | Queue | Knight |
Match timeline
| 5:03 | Pedro · first_building Barracks |
| 8:08 | alonso · first_building Barracks |
| 9:27 | alonso · age_up feudal |
| 9:53 | alonso · first_building Stable |
| 9:53 | Pedro · age_up feudal |
| 9:57 | Pedro · first_building Archery Range |
| 10:06 | alonso · wall_segment Palisade Wall x1 |
| 10:42 | alonso · wall_segment Palisade Wall x1 |
| 10:43 | alonso · wall_segment Palisade Wall x1 |
| 11:26 | Pedro · wall_segment Palisade Wall x1 |
| 11:27 | Pedro · wall_segment Palisade Wall x1 |
| 11:28 | Pedro · wall_segment Palisade Wall x1 |
| 11:29 | Pedro · wall_segment Palisade Wall x1 |
| 12:47 | Pedro · wall_segment Palisade Wall x1 |
| 12:49 | Pedro · wall_segment Palisade Wall x1 |
| 13:23 | Pedro · wall_segment Palisade Wall x1 |
| 13:24 | Pedro · wall_segment Palisade Wall x1 |
| 13:27 | Pedro · wall_segment Palisade Wall x1 |
| 13:28 | Pedro · wall_segment Palisade Wall x1 |
| 13:37 | Pedro · wall_segment Palisade Wall x1 |
| 13:58 | Pedro · wall_segment Palisade Wall x1 |
| 14:01 | Pedro · wall_segment Palisade Wall x1 |
| 14:09 | alonso · first_building Archery Range |
| 14:40 | Pedro · wall_segment Palisade Wall x1 |
| 14:42 | Pedro · wall_segment Palisade Wall x1 |
| 14:44 | Pedro · wall_segment Palisade Wall x1 |
| 14:46 | Pedro · wall_segment Palisade Wall x1 |
| 15:08 | alonso · wall_segment Palisade Wall x10 |
| 16:25 | alonso · wall_segment Palisade Wall x1 |
| 18:22 | alonso · wall_segment Palisade Wall x1 |
| 20:52 | Pedro · first_building Stable |
| 21:25 | alonso · first_market_sell 100 wood |
| 21:27 | alonso · first_market_buy 100 food |
| 22:16 | alonso · wall_segment Palisade Wall x2 |
| 23:08 | Pedro · age_up castle |
| 23:11 | Pedro · first_building Siege Workshop |
| 24:11 | alonso · age_up castle |
| 25:32 | alonso · resign |
[ AI ANALYSIS · 1 CREDIT ]
What really happened in this match?
Wolo.gg analyzes every decision: build order, eco, micro, common mistakes by bracket. Personalized analysis on WhatsApp or Discord in 30 seconds.
Civ guide
Slavs
Perfil
Jugador #14918982